 Dungeon Crawl Stone Soup version 0.25-a0-785-gb22c70e859 (console) character file.

Game seed: 11520789575868216497, levelgen mode: classic

11255 Duffy the Blocker (level 11, -15/94 HPs)
             Began as a Deep Dwarf Fighter on Apr 17, 2020.
             Was a High Priest of Makhleb.
             Demolished by a two-headed ogre
             ... wielding a +0 giant club
              (19 damage)
             ... on level 10 of the Dungeon.
             The game lasted 00:17:17 (9153 turns).

Duffy the Blocker (Deep Dwarf Fighter)              Turns: 9153, Time: 00:17:18

Health: -15/94     AC: 13    Str: 17    XL:     11   Next: 46%
Magic:  11/11      EV:  7    Int: 13    God:    Makhleb [*****.]
Gold:   510        SH: 17    Dex: 14    Spells: 10/10 levels left

rFire    + . .     SeeInvis .   a - +10 trident {vorpal, rElec MR+ Str-2 Dex+2}
rCold    . . .     Gourm    .   x - +0 tower shield
rNeg     . . .     Faith    .   u - +0 chain mail
rPois    .         Spirit   .   v - +0 helmet
rElec    +         Reflect  .   p - +0 cloak
rCorr    .         Harm     .   (no gloves)
MR       ++...                  (no boots)
Stlth    ..........             (no amulet)
HPRegen  0.00/turn              M - ring of protection from fire
MPRegen  0.12/turn              (no ring)

@: non-regenerating
A: damage resistance, heal wounds, sense surroundings 2, no regeneration
a: Heal Wounds, Minor Destruction, Lesser Servant of Makhleb, Major Destruction,
Greater Servant of Makhleb, Renounce Religion


You were on level 10 of the Dungeon.
You worshipped Makhleb.
Makhleb was extremely pleased with you.
You were not hungry.

You visited 2 branches of the dungeon, and saw 11 of its levels.
You also visited: Sewer.

You collected 552 gold pieces.
You spent 42 gold pieces at shops.

Inventory:

Hand Weapons
 a - the +10 trident "Notoff" (weapon) {vorpal, rElec MR+ Str-2 Dex+2}
   (You found it on level 7 of the Dungeon)

   It inflicts extra damage upon your enemies.
   It affects your strength (-2).
   It affects your dexterity (+2).
   It insulates you from electricity.
   It affects your resistance to hostile enchantments.
 b - a +0 hand axe of flaming
 y - the +6 long sword of Upaf {vorpal, rF+ MR+ Str-3 Dex+8}
   (You found it in a sewer)

   It inflicts extra damage upon your enemies.
   It affects your strength (-3).
   It affects your dexterity (+8).
   It protects you from fire.
   It affects your resistance to hostile enchantments.
 A - a +2 mace of holy wrath
 F - a +1 flail of holy wrath
 K - a +0 war axe
Missiles
 k - 2 silver javelins
 G - 8 boomerangs (quivered)
Armour
 e - a +0 plate armour
 p - a +0 cloak (worn)
 u - a +0 chain mail (worn)
 v - a +0 helmet (worn)
 x - a +0 tower shield (worn)
Magical Staves
 L - an uncursed staff of energy {!a, unknown}
Jewellery
 q - a cursed amulet of inaccuracy {unknown}
 M - a ring of protection from fire (left hand)
Wands
 t - a wand of iceblast (2)
 B - a wand of enslavement (7)
 H - a wand of acid (1)
 I - a wand of digging (4)
 P - a wand of random effects (16)
Scrolls
 c - a scroll of fear {unknown}
 g - 9 scrolls of remove curse
 j - 3 scrolls of enchant armour
 m - 3 scrolls of enchant weapon {unknown}
 r - 3 scrolls of teleportation
 w - 2 scrolls of magic mapping
 z - 3 scrolls of random uselessness {unknown}
 C - a scroll of summoning {unknown}
 J - 4 scrolls of immolation {unknown}
Potions
 d - 3 potions of might
 h - 2 potions of magic
 i - a potion of curing {unknown}
 l - 2 potions of brilliance
 n - 3 potions of stabbing
 o - 2 potions of cancellation
 s - 3 potions of heal wounds
 D - a potion of haste {unknown}
 E - 3 potions of mutation {unknown}
 N - 2 potions of flight {unknown}
 O - a potion of resistance {unknown}
 Q - a potion of berserk rage
Comestibles
 f - 20 rations
 R - 29 chunks of flesh


   Skills:
 - Level 5.0 Fighting
 + Level 9.9 Axes
 - Level 4.0 Throwing
 - Level 8.0 Armour
 + Level 5.7 Dodging
 - Level 10.1 Shields
 - Level 7.8 Invocations
 - Level 7.0 Evocations


You had 10 spell levels left.
You didn't know any spells.
Your spell library contained the following spells:

 Spells                   Type           Power        Failure   Level  Hunger
 Magic Dart               Conj           #...         100%        1    ##.....
 Blink                    Tloc           N/A          100%        2    ###....
 Call Imp                 Summ           #.......     100%        2    ###....
 Slow                     Hex            #.......     100%        2    ###....
 Conjure Flame            Conj/Fire      #.......     100%        3    ####...
 Mephitic Cloud           Conj/Pois/Air  #.......     100%        3    ####...


Dungeon Overview and Level Annotations

Branches:
Dungeon (10/15)            Temple (1/1) D:4            Lair (0/6) D:9
    Orc (0/2) D:9           Sewer (visited)

Altars:
Ashenzari
Cheibriados
Dithmenos
Elyvilon
Fedhas
Gozag
Hepliaklqana
Kikubaaqudgha
Makhleb
Nemelex Xobeh
Okawaru
Qazlal
Ru
Sif Muna
Trog
Uskayaw
Vehumet
Wu Jian
Xom
Yredelemnul
Zin
The Shining One

Shops:
D:6 =   D:7 ([[*(

Annotations:
D:5 exclusion: statue


Innate Abilities, Weirdness & Mutations

You are resistant to damage.
You can heal yourself by infusing magical energy.
You passively map the area around you.
You do not regenerate.


Message History

Press: ? - help, Shift-Dir - straight line, f - you The bolt of poison hits something!
Evoke which item? (* to show all) (? for menu, Esc to quit)
Aiming: Random Effects
Press: ? - help, Shift-Dir - straight line, f - you Nothing appears to happen.
Something hits you! x2
Your shield prevents you from hitting something.
Something hits you but does no damage. Something hits you.
You hit something. Something hits you but does no damage. Something hits you!
You hit something. Something hits you!! Something hits you!
You block something's attack. Something completely misses you.
Your shield and chain mail prevent you from hitting something.
Something hits you but does no damage. Something hits you!
You hit something. Something hits you!! You block something's attack.
Something completely misses you. Something hits you but does no damage.
Your shield prevents you from hitting something.
Something hits you. Something hits you!
You puncture something! Something hits you but does no damage.
Something hits you!!
You die...

########## #....#.#.#
###..#.#.# #..#.#.##
#....#..# #..####.# *
####* #...# #.# .....
#.#.# #.##
......######.#.# #..#
,......'.{@...#.####.#
......####...)..# #.#
..... #....#)###.#
..... #....#.)##.#
,,......####....##.##.#
..............##.%#.# .
............###.#.##
.........#### #....# *
.........# ##.#.#


There were no monsters in sight!

Vanquished Creatures
  Erolcha (D:9)
  2 two-headed ogres
  2 ugly things
  Maurice (D:9)
  A troll (D:9)
  5 orc warriors
  2 hippogriffs (D:8)
  A spriggan (D:8)
  A wyvern (D:6)
  Grum (D:7)
  9 yaks
  Edmund (D:5)
  3 sky beasts (D:9)
  2 ice beasts
  A phantom (D:9)
  9 ogres
  2 eyes of draining
  3 centaurs
  11 bullfrogs
  2 gnoll sergeants (D:7)
  4 scorpions
  A wyvern skeleton (D:8)
  3 crimson imps
  A centaur zombie (D:7)
  2 quasits (D:9)
  2 bullfrog zombies (D:7)
  13 hounds
  4 orc priests
  2 jellies
  10 orc wizards
  A bullfrog skeleton (D:5)
  5 centaur skeletons
  Ijyb (D:3)
  5 iguanas
  Natasha (thrice) (D:4)
  10 worker ants
  A hound skeleton (D:7)
  17 gnolls
  18 adders
  4 shadow imps
  6 oozes
  2 adder zombies
  4 adder skeletons
  A worm (D:5)
  2 dart slugs
  20 leopard geckos
  30 orcs
  20 giant cockroaches
  13 goblins
  16 hobgoblins
  9 jackals
  2 quokkas
  12 ball pythons
  11 bats
  18 frilled lizards
  10 kobolds
  9 rats
352 creatures vanquished.

Vanquished Creatures (collateral kills)
  Eustachio (D:4)
  An orc (D:4)
2 creatures vanquished.

Grand Total: 354 creatures vanquished

Notes
Turn   | Place    | Note
-------+----------+-------------------------------------------
     0 | D:1      | Duffy the Deep Dwarf Fighter began the quest for the Orb.
     0 | D:1      | Reached XP level 1. HP: 20/20 MP: 1/1
   141 | D:1      | Reached XP level 2. HP: 22/27 MP: 2/2
   265 | D:1      | Reached XP level 3. HP: 33/33 MP: 2/2
   790 | D:2      | Reached XP level 4. HP: 37/40 MP: 3/3
   985 | D:2      | Reached skill level 5 in Axes
  1344 | D:3      | Noticed an ogre
  1353 | D:3      | Killed an ogre
  1353 | D:3      | Reached skill level 1 in Throwing
  1353 | D:3      | Reached XP level 5. HP: 41/46 MP: 4/4
  1828 | D:3      | Reached XP level 6. HP: 36/55 MP: 5/5
  2366 | D:3      | Noticed Ijyb
  2396 | D:3      | Killed Ijyb
  2551 | D:4      | Found a staircase to the Ecumenical Temple.
  2561 | Temple   | Entered the Ecumenical Temple
  2605 | Temple   | Became a worshipper of Makhleb the Destroyer
  2804 | D:4      | Noticed Natasha
  2814 | D:4      | Killed Natasha
  2853 | D:4      | Noticed Eustachio
  3014 | D:5      | Entered Level 5 of the Dungeon
  3055 | D:5      | Reached XP level 7. HP: 28/61 MP: 6/6
  3123 | D:5      | Found a radiant altar of Vehumet.
  3157 | D:5      | Found a glowing drain.
  3180 | Sewer    | Entered a sewer
  3407 | Sewer    | Reached * piety under Makhleb
  3459 | Sewer    | Reached skill level 5 in Armour
  3570 | Sewer    | Got a crystal long sword
  3873 | D:5      | Reached XP level 8. HP: 43/68 MP: 7/7
  3915 | D:5      | Reached ** piety under Makhleb
  3929 | D:5      | Reached skill level 1 in Evocations
  4060 | D:5      | Noticed Edmund
  4086 | D:5      | Killed Edmund
  4447 | D:4      | Identified the +6 long sword of Upaf {vorpal, rF+ MR+ Str-3
                  | Dex+8} (You found it in a sewer)
  4473 | D:4      | Noticed Natasha
  4478 | D:4      | Killed Natasha
  4625 | D:4      | Killed Eustachio
  4705 | D:4      | Killed an orc warrior
  4737 | D:4      | Found a sacrificial altar of Ru.
  4969 | D:4      | Noticed Natasha
  4977 | D:4      | Killed Natasha
  5285 | D:6      | Reached skill level 5 in Fighting
  5324 | D:6      | Reached skill level 4 in Shields
  5324 | D:6      | Gained mutation: You passively map the area around you.
                  | [Deep Dwarf growth]
  5324 | D:6      | Reached XP level 9. HP: 64/81 MP: 8/8
  5352 | D:6      | Found Goemm's Jewellery Emporium.
  5445 | D:6      | Reached *** piety under Makhleb
  5445 | D:6      | Reached skill level 5 in Shields
  5651 | D:6      | Found a stormy altar of Qazlal.
  5661 | D:6      | Found a white marble altar of Elyvilon.
  5714 | D:7      | Reached skill level 6 in Shields
  5725 | D:7      | Found Qayrie's Antique Armour Boutique.
  5740 | D:7      | Found Siat Zyb's Armour Emporium.
  5865 | D:7      | Found Tuufyang's Antique Weapon Emporium.
  5872 | D:7      | Reached skill level 7 in Shields
  5970 | D:7      | Reached skill level 8 in Shields
  5975 | D:7      | Noticed Grum
  5985 | D:7      | Killed Grum
  6079 | D:7      | Reached skill level 9 in Shields
  6098 | D:7      | Found Xoanarr's General Store.
  6110 | D:7      | Bought a scroll of magic mapping for 42 gold pieces
  6158 | D:7      | Got a crude trident
  6159 | D:7      | Identified the +10 trident "Notoff" {vorpal, rElec MR+
                  | Str-2 Dex+2} (You found it on level 7 of the Dungeon)
  6200 | D:7      | Found Umuusch's Weapon Shop.
  6248 | D:7      | Found a hazy altar of Hepliaklqana.
  6340 | D:7      | Reached **** piety under Makhleb
  6375 | D:7      | Reached skill level 10 in Shields
  6466 | D:7      | Found a glowing silver altar of Zin.
  6530 | D:7      | Reached XP level 10. HP: 73/88 MP: 7/7
  6630 | D:8      | Reached skill level 1 in Invocations
  6639 | D:8      | Noticed a two-headed ogre
  6647 | D:8      | Killed a two-headed ogre
  6647 | D:8      | Reached skill level 5 in Evocations
  6732 | D:8      | Found a shimmering altar of Xom.
  6974 | D:8      | Reached skill level 5 in Invocations
  7589 | D:9      | Noticed Maurice
  7617 | D:9      | Killed Maurice
  7636 | D:9      | Noticed a brown ugly thing
  7643 | D:9      | Killed a brown ugly thing
  7643 | D:9      | Reached skill level 1 in Dodging
  7751 | D:9      | Found a staircase to the Lair.
  7844 | D:9      | Reached ***** piety under Makhleb
  7890 | D:9      | Reached XP level 11. HP: 43/94 MP: 11/11
  7904 | D:9      | Found a staircase to the Orcish Mines.
  8018 | D:9      | Found a basalt altar of Yredelemnul.
  8019 | D:9      | Found a sacrificial altar of Ru.
  8218 | D:9      | Noticed Erolcha
  8241 | D:9      | Killed Erolcha
  8840 | D:10     | Entered Level 10 of the Dungeon
  9002 | D:10     | Noticed a two-headed ogre
  9003 | D:10     | Noticed a red ugly thing
  9015 | D:10     | Killed a two-headed ogre
  9027 | D:10     | Killed a red ugly thing
  9027 | D:10     | Reached skill level 5 in Dodging
  9139 | D:10     | Noticed a two-headed ogre
  9152 | D:10     | HP: 4/94 [something (9)]
  9153 | D:10     | Demolished by a two-headed ogre

Levels and vault maps discovered:
D:1:      giann_forest_graveyard, layout_basic, chequers_serial_rivers_micro_c
D:2:      lemuel_upstairs_altar, layout_loops_ring
D:3:      layout_basic, first_ration, uniq_ijyb
D:4:      layout_gridville, minmay_temple_entry_stoned_glass,
          nicolae_ru_awakened_eye, uniq_natasha, uniq_eustachio
D:5:      layout_basic, vehumet_statue, cheibrodos_sewer_entry_bend, uniq_edmund
D:6:      layout_rooms, grunt_temple_overflow_open, serial_shops, shop
D:7:      layout_cave_pools, marbit_many_paths, lemuel_round_altar,
          serial_gnoll_camp, gnoll_camp_mini_hut, grums_kennel,
          gnoll_camp_mini_house, gnoll_camp_mini_sergeant, serial_shops, shop,
          nicolae_shop_behind_doors, shop_fountains, shop, shop,
          grunt_ministairs_10
D:8:      layout_gridville, grunt_pizzeria, brannock_xom_greatest_gift
D:9:      layout_irregular_city, gammafunk_temple_overflow_statue,
          dpeg_oklobed_lair, erik_orc_3, serial_co_window_serial,
          co_window_paths_a, co_window_paths_a, co_window_paths_a,
          co_window_of_opportunity_a, co_window_of_opportunity_a,
          co_window_corner_a, co_window_paths_a, co_window_paths_a,
          co_window_of_opportunity_a, co_window_of_opportunity_b,
          co_window_2corner, co_window_broadway_b, co_window_corner_b,
          glass_columns_a, eino_small_chamber_without_monster, minivault_20,
          uniq_maurice, uniq_erolcha
D:10:     layout_basic
Temple:   eino_wide_crystal_templ

Skill      XL: |  1  2  3  4  5  6  7  8  9 10 11 |
---------------+----------------------------------+-----
Axes           | 3 4 5 6 7 8 9 |  9.9
Throwing       | 1 2 3 4 |  4.0
Armour         | 6 7 8 |  8.0
Evocations     | 3 7 |  7.0
Fighting       | 5 |  5.0
Shields        | 4 10 | 10.1
Invocations    | 7 |  7.8
Dodging        | 2 5 |  5.7

Action                   |  1- 3 |  4- 6 |  7- 9 | 10-12 || total
-------------------------+-------+-------+-------+-------++-------
Melee: War axe           |   178 |   245 |   549 |       ||   972
       Trident           |       |       |    36 |   357 ||   393
Throw: Javelin           |       |     6 |       |       ||     6
       Boomerang         |       |       |       |     2 ||     2
 Abil: Heal Wounds       |     1 |     1 |     7 |     3 ||    12
Evoke: Wand              |       |       |    17 |     6 ||    23
  Use: Scroll            |       |     5 |     4 |     1 ||    10
  Eat: Chunk             |       |     8 |    13 |     9 ||    30
Armor: Scale mail        |    95 |    81 |       |       ||   176
       Chain mail        |       |    22 |   328 |   139 ||   489
Dodge: Dodged            |    50 |    58 |   120 |    66 ||   294
Block: Kite shield       |   109 |   126 |   329 |   115 ||   679
       Tower shield      |       |       |       |    69 ||    69

Table legend:
 A = Non-vault XP
 B = Vault XP
 C = Vault XP percentage of total XP
 D = Non-vault monster count
 E = Vault monster count
 F = Vault count percentage of total count
                 A         B        C        D         E       F
            +---------+---------+-------+---------+---------+-------
      Total |   11791 |    4288 |  26.7 |     266 |      88 |  24.9
            +---------+---------+-------+---------+---------+-------
        D:1 |      51 |       0 |   0.0 |      33 |       0 |   0.0
        D:2 |      67 |       0 |   0.0 |      24 |       0 |   0.0
        D:3 |     342 |      38 |  10.0 |      39 |       1 |   2.5
        D:4 |     530 |     137 |  20.5 |      21 |       2 |   8.7
        D:5 |     764 |     163 |  17.6 |      28 |       2 |   6.7
        D:6 |     834 |       0 |   0.0 |      22 |       0 |   0.0
        D:7 |    1544 |     757 |  32.9 |      26 |      17 |  39.5
        D:8 |    2619 |     220 |   7.7 |      31 |       1 |   3.1
        D:9 |    1872 |    2662 |  58.7 |      23 |      15 |  39.5
       D:10 |    3168 |       0 |   0.0 |      19 |       0 |   0.0
      Sewer |       0 |     311 | 100.0 |       0 |      50 | 100.0
            +---------+---------+-------+---------+---------+-------
